 Dungeon Crawl Stone Soup version 0.16-a0-3807-g3748f16 (webtiles) character file.

210 Ololoev the Caller (level 5, -2/36 HPs)
             Began as a Mummy Summoner on Jan 27, 2015.
             Was an Initiate of Sif Muna.
             Slain by a killer bee (8 damage)
             ... on level 3 of the Dungeon.
             The game lasted 00:09:00 (3362 turns).

Ololoev the Caller (Mummy Summoner)                 Turns: 3362, Time: 00:09:00

Health: -2/36      AC:  3    Str: 11    XL:     5   Next: 56%
Magic:  0/9        EV: 12    Int: 15    God:    Sif Muna [......]
Gold:   139        SH:  0    Dex: 12    Spells: 5 memorised, 0 levels left

rFire  x . .     SeeInvis .     l - +2 dagger (venom)
rCold  + . .     Clarity  .     a - +0 robe
rNeg   + + +     SustAb   .     (no shield)
rPois  ∞         Gourm    .     (no helmet)
rElec  .         Spirit   .     (no cloak)
rCorr  .         Warding  .     c - +0 pair of gloves
rMut   .         Stasis   .     (no boots)
MR     +....                    (no amulet)
Stlth  ++........               k - ring of protection from magic
                                h - ring of teleport control

@: somewhat resistant to hostile enchantments, unstealthy
A: no food or potions, fire vulnerability, restore body, cold resistance 1,
negative energy resistance 3, poison resistance, torment resistance, unbreathing
a: Renounce Religion, Evoke Teleport Control


You were on level 3 of the Dungeon.
You worshipped Sif Muna.
Sif Muna was noncommittal.
You were not hungry.

You visited 1 branch of the dungeon, and saw 3 of its levels.

You collected 139 gold pieces.

Notes
Turn   | Place    | Note
--------------------------------------------------------------
     0 | D:1      | Ololoev, the Mummy Summoner, began the quest for the Orb.
     0 | D:1      | Reached XP level 1. HP: 13/13 MP: 3/3
   313 | D:1      | Reached XP level 2. HP: 14/20 MP: 4/4
   413 | D:1      | Learned a level 2 spell: Call Imp
  1222 | D:2      | Reached XP level 3. HP: 25/25 MP: 1/6
  1228 | D:2      | Reached skill level 4 in Summonings
  1627 | D:2      | Reached XP level 4. HP: 16/31 MP: 7/7
  1781 | D:2      | Learned a level 3 spell: Call Canine Familiar
  1787 | D:2      | Found a deep blue altar of Sif Muna.
  1791 | D:2      | Identified Sif Muna's Collected Works on the Voyage
  1794 | D:2      | Learned a level 1 spell: Apportation
  1795 | D:2      | Became a worshipper of Sif Muna the Loreminder
  1802 | D:2      | Found a radiant altar of Vehumet.
  1806 | D:2      | Identified Vehumet's Disquisition on Arcane Weapons
  1810 | D:2      | Found an ancient bone altar of Kikubaaqudgha.
  1815 | D:2      | Identified Kikubaaqudgha's Guide on Dark Magic
  2529 | D:3      | Reached skill level 5 in Summonings
  2621 | D:3      | Reached XP level 5. HP: 13/36 MP: 9/9
  2834 | D:2      | Learned a level 1 spell: Animate Skeleton
  2913 | D:3      | Found a white marble altar of Elyvilon.
  2921 | D:3      | Found a sparkling altar of Nemelex Xobeh.
  3036 | D:3      | Reached skill level 1 in Evocations
  3362 | D:3      | Slain by a killer bee

Inventory:

Hand weapons
 g - a +3 short sword
 l - a +2 dagger of venom (weapon)
Armour
 a - a +0 robe (worn)
 c - a +0 pair of gloves (worn)
Jewellery
 h - a ring of teleport control (left hand)
 k - a ring of protection from magic (right hand)
Magical devices
 j - a wand of flame (21)
Scrolls
 d - 4 scrolls of identify
 f - 4 scrolls of remove curse
Books
 b - a book of Callings

   Spells                             Type                      Level
   a - Summon Small Mammal            Summoning                    1
   b - Call Imp                       Summoning                    2
   c - Call Canine Familiar           Summoning                    3
   d - Summon Guardian Golem          Hexes/Summoning              4
   e - Summon Lightning Spire         Summoning/Air                4
   f - Summon Ice Beast               Ice/Summoning                4

Table legend:
 A = Turns spent in this place as a percentage of turns spent in the entire game.
 B = Non-inter-level travel turns spent in this place as a percentage of non-inter-level travel turns spent in the entire game.
 C = Inter-level travel turns spent in this place as a percentage of turns spent in this place.
 D = Turns resting spent in this place as a percentage of non-inter-level travel turns spent in this place.
 E = Turns spent auto-exploring this place as a percentage of non-inter-level travel turns spent in this place.
 F = Non-inter-level travel turns spent in this place divided by the number of levels of this place that you've seen.
                   A       B       C       D       E      F
               +-------+-------+-------+-------+-------+----------------------
         Total | 100.0 | 100.0 |   0.6 |   4.6 |   9.6 | 277.3
       Dungeon | 100.0 | 100.0 |   0.6 |   4.6 |   9.6 | 277.3
               +-------+-------+-------+-------+-------+----------------------


   Skills:
 - Level 0.8 Fighting
   Level 0.2 Polearms
 - Level 1.5 Dodging
 - Level 1.5 Stealth
 - Level 2.0 Spellcasting
 + Level 5.2 Summonings
 * Level 1.7 Evocations


You couldn't memorise any spells.
You knew the following spells:

 Your Spells              Type           Power        Failure   Level  Hunger
a - Summon Small Mammal   Summ           ###.         2%          1    N/A
b - Call Imp              Summ           ###.....     4%          2    N/A
c - Call Canine Familiar  Summ           ###.....     10%         3    N/A
d - Apportation           Tloc           #.........   21%         1    N/A
e - Animate Skeleton      Necr           N/A          21%         1    N/A

Dungeon Overview and Level Annotations

Branches:
Dungeon (3/15)

Altars:
Elyvilon
Kikubaaqudgha
Nemelex Xobeh
Sif Muna
Vehumet


Innate Abilities, Weirdness & Mutations

You do not eat or drink.
Your flesh is vulnerable to fire.
Your flesh is cold resistant.
You are immune to negative energy.
Your system is resistant to poisons.
You are immune to unholy pain and torment.
You can survive without breathing.


Message History

r - Retreat! s - Stop attacking. w - Wait here. f - Follow me.
Anything else - Stay silent.
Gang up on whom?
Press: ? - help, Dir - move target cursor, f - killer bee
Aim: a killer bee Attack!
The killer bee stings your white imp.
Your white imp closely misses the killer bee.
The killer bee stings your white imp but does no damage.
The killer bee barely misses your white imp.
Your white imp blows smoke rings.
Your white imp gestures at the killer bee.
The puff of frost misses the killer bee.
The killer bee misses your white imp.
The killer bee closely misses your white imp.
The killer bee misses your white imp.
Your white imp misses the killer bee.
The killer bee closely misses your white imp.
The killer bee stings your white imp! The killer bee misses your white imp.
The killer bee stings your white imp.
Your white imp dies!
Your bat completely misses the killer bee.
Your white imp gestures at the killer bee.
The puff of frost hits the killer bee.
The killer bee stings your white imp but does no damage.
Evoke which item? (* to show all) (? for menu, Esc to quit)
Zapping:
j - a wand of flame (will waste charges)
Press: ? - help, Shift-Dir - straight line, f - killer bee, p - killer bee
Aim: a killer bee The puff of flame misses the killer bee. x2
Evoking this partially-identified wand wasted a few charges.
The killer bee stings your white imp.
Your white imp dies!
The killer bee barely misses your bat.
Your bat misses the killer bee. Your bat hits the killer bee.
The killer bee stings your bat.
Your bat dies!
Your bat's corpse disappears in a puff of smoke!
Casting: Summon Small Mammal
Confirm with . or Enter, or press ? or * to list all spells.
The killer bee barely misses you. The killer bee stings you!
You die...

..# #.# #### #.## ##...##
#..##### ##.....## .. ##.....##
#.......# ... ##.)....##
#.......#
#....#........#####.......#
#.............y........#
#..#...(....r.@y.##.....##
#..##....(...#.#.#.......# #
#........[>....)#.÷...)...#.###
....##.(.(......##............
#..# ###.##......##.....##.##.
#.. #....##.(..##...##..#
...######..###.....#
#...######......##### # #....
..##y###..###.....


You could see 2 killer bees and a friendly quokka.

Table legend:
 A = Kills in this place as a percentage of kills in entire the game.
 B = Kills by you in this place as a percentage of kills by you in the entire game.
 C = Kills by friends in this place as a percentage of kills by friends in the entire game.
 D = Other kills in this place as a percentage of other kills in the entire game.
 E = Experience gained in this place as a percentage of experience gained in the entire game.
 F = Experience gained in this place divided by the number of levels of this place that you have seen.
                   A       B       C       D       E      F
               +-------+-------+-------+-------+-------+----------------------
         Total | 100.0 | 100.0 | 100.0 |  -nan | 100.0 | 100.0
       Dungeon | 100.0 | 100.0 | 100.0 |  -nan | 100.0 | 100.0
               +-------+-------+-------+-------+-------+----------------------

Vanquished Creatures
  6 adders
  2 gnolls (D:2)
  An ooze (D:2)
  6 orcs (D:3)
  A ball python (D:2)
  6 bats
  5 hobgoblins
  A quokka (D:2)
  3 giant cockroaches
  3 giant newts
  10 kobolds
  7 rats
51 creatures vanquished.

Vanquished Creatures (collateral kills)
  A killer bee (D:3)
  An orc priest (D:3)
  An orc wizard (D:3)
  4 gnolls
  An adder (D:3)
  An ooze (D:1)
  A hobgoblin (D:1)
  A goblin (D:3)
11 creatures vanquished.

Vanquished Creatures (others)
  A crimson imp (D:2)
  A hound (D:3)
  4 white imps
  2 bats
8 creatures vanquished.

Grand Total: 70 creatures vanquished

Action                   |  1- 3 |  4- 6 || total
-------------------------+-------+-------++-------
Melee: Spear             |    62 |       ||    62
       Short sword       |    52 |    82 ||   134
       Dagger            |       |     2 ||     2
 Cast: Summon Small Mamm |     5 |     2 ||     7
       Call Imp          |     3 |     9 ||    12
       Call Canine Famil |       |     4 ||     4
Evoke: Wand              |       |     1 ||     1
  Use: Scroll            |       |     4 ||     4
 Stab: Sleeping          |     4 |       ||     4

Vault maps used:
D:1:      dpeg_arrival_rooms_with_view
D:2:      grunt_temple_overflow_magic_moments
D:3:      lemuel_doored_altar, amethyst_overflow_temple_binary, tso_altar
